 Dungeon Crawl Stone Soup version 0.18.1-8-gdd0e5ea (webtiles) character file.

3647 Hipnos the Geomancer (level 10, -1/79 HPs)
             Began as a Gargoyle Earth Elementalist on May 30, 2016.
             Was a Believer of Vehumet.
             Slain by an orc warrior
             ... wielding a +0 war axe
              (14 damage)
             ... in a bailey.
             The game lasted 00:33:10 (5901 turns).

Hipnos the Geomancer (Gargoyle Earth Elementalist)  Turns: 5901, Time: 00:33:11

Health: -1/79      AC: 14    Str: 16    XL:     10   Next: 12%
Magic:  4/20       EV:  9    Int: 20    God:    Vehumet [**....]
Gold:   159        SH:  0    Dex: 10    Spells: 5 memorised, 8 levels left

rFire  . . .     SeeInvis +     z - +0 whip (flame)
rCold  + . .     Gourm    +     D - +0 leather armour
rNeg   + . .     Faith    .     (no shield)
rPois  ∞         Spirit   .     u - +2 helmet {SInv}
rElec  +         Dismiss  .     C - +0 cloak {+Inv}
rCorr  .         Reflect  .     (no gloves)
SustAt .         Harm     .     (no boots)
MR     +....     Clarity  +     H - amulet of the gourmand
Stlth  ..........               (no ring)
                                y - ring "Kurietukea" {rC+ EV-3} (curse)

@: mighty, berserking (expiring), very slightly contaminated, very quick,
somewhat resistant to hostile enchantments, extremely unstealthy
A: clarity, magic resistance 1, negative energy resistance 1, electricity
resistance, unbreathing, petrification resistance, rot immunity, AC +7
a: Renounce Religion, Evoke Invisibility


You were in a bailey.
You worshipped Vehumet.
Vehumet was pleased with you.
You were not hungry.

You visited 1 branch of the dungeon, and saw 7 of its levels.
You also visited: Sewer and Bailey.

You collected 280 gold pieces.
You spent 121 gold pieces at shops.

Inventory:

Hand Weapons
 v - a +0 whip
 z - a +0 whip of flaming (weapon)
Missiles
 n - 34 stones (quivered)
Armour
 a - a +0 robe
 u - a +2 helmet of see invisible (worn)
 C - a +0 cloak of invisibility (worn)
 D - a +0 leather armour (worn)
Jewellery
 y - the cursed ring "Kurietukea" (left hand) {rC+ EV-3}
   (You found it on level 5 of the Dungeon)

   [ring of evasion]

   It affects your evasion (-3).
   It protects you from cold.
   It has a curse placed upon it.
 H - an amulet of the gourmand (around neck)
Wands
 l - a wand of disintegration (13/24)
 q - a wand of slowing (34/48)
 B - a wand of lightning (2/15)
 F - a wand of teleportation (3/9)
 G - a wand of acid (6/15)
Scrolls
 b - 2 scrolls of remove curse {unknown}
 f - a scroll of fear {unknown}
 o - a scroll of immolation {unknown}
 p - 4 scrolls of teleportation {unknown}
 s - a scroll of enchant weapon {unknown}
 t - 2 scrolls of random uselessness {unknown}
Potions
 e - a potion of cure mutation
 h - a potion of lignification
 j - 3 potions of flight {unknown}
 k - 2 potions of haste
 m - 3 potions of curing
 w - a potion of cancellation
 I - a potion of brilliance {unknown}
Books
 c - a book of Geomancy

   Spells                             Type                      Level
   a - Sandblast                      Earth                        1
   b - Passwall                       Transmutation/Earth          2
   c - Stone Arrow                    Conjuration/Earth            3
   d - Petrify                        Transmutation/Earth          4
   e - Lee's Rapid Deconstruction     Earth                        5
Comestibles
 d - 5 bread rations
 g - 4 meat rations
 A - a fruit
 J - a beef jerky


   Skills:
 + Level 1.9 Fighting
 + Level 1.2 Maces & Flails
 * Level 4.3 Armour
 + Level 3.8 Dodging
 - Level 2.2 Stealth
 + Level 7.3 Spellcasting
 - Level 0.8 Transmutations
 * Level 12.2 Earth Magic


You had 8 spell levels left.
You knew the following spells:

 Your Spells              Type           Power        Failure   Level  Hunger
a - Sandblast             Erth           ######       1%          1    None
b - Passwall              Trmt/Erth      ####......   1%          2    None
c - Stone Arrow           Conj/Erth      ####..       3%          3    #......
d - Petrify               Trmt/Erth      ####....     10%         4    ###....
e - Lee's Rapid Deconstr  Erth           ######....   1%          5    #####..


Dungeon Overview and Level Annotations

Branches:
Dungeon (7/15)
 Temple: D:4-7

Altars:
Ashenzari
Gozag
Kikubaaqudgha
Ru
Sif Muna
Trog
Vehumet
Xom
Zin

Shops:
D:3 *   D:5 [


Innate Abilities, Weirdness & Mutations

You are resistant to torment.
Your stone body is resilient (AC +7).
You are immune to poison.
You resist negative energy.
You are resistant to electric shocks.
You can survive without breathing.
You are immune to petrification.
You are immune to rotting.
You possess an exceptional clarity of mind.
You are resistant to hostile enchantments.


Message History

You kill the orc warrior!
Vehumet accepts your kill.
You feel your power returning.
The hobgoblin hits you but does no damage.
The goblin hits you but does no damage.
You barely miss the hobgoblin.
The hobgoblin hits you but does no damage.
A gnoll comes into view. It is wielding a hand axe.
The gnoll shouts!
You hit the hobgoblin. You burn the hobgoblin.
The hobgoblin is almost dead.
The goblin hits you with a war axe.
* * * LOW HITPOINT WARNING * * *
You hit the orc warrior. You burn the orc warrior.
The orc warrior is lightly wounded.
The hobgoblin closely misses you.
You whack the orc warrior! You burn the orc warrior.
The orc warrior is moderately wounded.
The orc warrior hits you with a war axe!
You die...

#≈≈≈≈≈# ###≈≈≈≈≈#
#.≈≈≈≈≈≈#
#.≈≈≈≈≈.######
##++#.≈≈≈≈≈......#
....#.≈≈≈≈≈......###
....'..............#
.⌠))'...).g....∩g.∩#
...)')...)..oggo@..#
...)..≈≈≈≈≈....g.###
##'...≈≈≈≈≈......#
....#.≈≈≈≈≈.######
....#.≈≈≈≈≈≈#
.######≈≈≈≈≈# .
#≈≈≈≈≈# #≈≈≈≈≈#
#≈≈≈≈≈#


You could see 2 orc warriors, a gnoll, a hobgoblin and 3 goblins.

Vanquished Creatures
  An orc high priest (Bailey)
  Pikel (D:5)
  The ghost of UnlimitedFusion the Sneak, an amateur HuAs of Okawaru (D:4)
  Menkaure (D:6)
  2 sky beasts
  3 orc warriors
  2 ogres
  A necrophage (D:6)
  2 phantoms
  2 centaurs
  A big kobold (Sewer)
  A giant frog (D:7)
  A water moccasin zombie (D:7)
  A scorpion (D:6)
  3 howler monkeys
  A crimson imp (D:5)
  3 hounds
  2 orc priests
  A jelly (D:7)
  Crazy Yiuf (D:6)
  5 orc wizards
  2 centaur skeletons
  2 giant frog skeletons
  2 iguanas (D:4)
  3 worker ants
  A hound zombie (D:6)
  A gnoll (Bailey)
  A howler monkey skeleton (D:6)
  10 adders
  2 river rats (Sewer)
  An adder skeleton (D:5)
  3 worms
  4 dart slugs
  3 giant geckos
  12 orcs
  A ball python (D:3)
  2 giant cockroaches
  16 goblins
  6 hobgoblins
  9 jackals
  3 quokkas
  8 bats
  5 giant newts
  12 kobolds
  11 rats
156 creatures vanquished.

Vanquished Creatures (others)
  A slave (D:5)
  A wyvern zombie (D:7)
  A quokka zombie (D:5)
3 creatures vanquished.

Grand Total: 159 creatures vanquished

Notes
Turn   | Place    | Note
--------------------------------------------------------------
     0 | D:1      | Hipnos the Gargoyle Earth Elementalist began the quest for the Orb.
     0 | D:1      | Reached XP level 1. HP: 10/10 MP: 3/3
   291 | D:1      | Reached XP level 2. HP: 13/15 MP: 0/5
   326 | D:1      | Reached skill level 4 in Earth Magic
   693 | D:1      | Reached XP level 3. HP: 19/19 MP: 1/6
  1166 | D:2      | Reached skill level 5 in Earth Magic
  1278 | D:2      | Reached XP level 4. HP: 24/24 MP: 5/8
  1318 | D:2      | Noticed a moth of wrath
  1321 | D:2      | Found a bloodstained altar of Trog.
  1477 | D:3      | Found an opulent altar of Gozag.
  1477 | D:3      | Found Gozag's Platinum Reserve.
  1531 | D:3      | Reached XP level 5. HP: 27/28 MP: 1/9
  1591 | D:3      | Reached skill level 6 in Earth Magic
  1758 | D:3      | Found a glowing silver altar of Zin.
  1766 | D:3      | Found a shimmering altar of Xom.
  1789 | D:3      | Found a radiant altar of Vehumet.
  1799 | D:3      | Became a worshipper of Vehumet
  1918 | D:3      | Found a deep blue altar of Sif Muna.
  2124 | D:3      | Learned a level 2 spell: Passwall
  2128 | D:3      | Learned a level 3 spell: Stone Arrow
  2133 | D:3      | Learned a level 4 spell: Petrify
  2137 | D:3      | Found a sacrificial altar of Ru.
  2137 | D:3      | Found an ancient bone altar of Kikubaaqudgha.
  2147 | D:4      | Noticed an ogre
  2153 | D:4      | Killed an ogre
  2153 | D:4      | Reached XP level 6. HP: 3/32 MP: 5/11
  2208 | D:4      | Noticed UnlimitedFusion's ghost (amateur HuAs)
  2444 | D:4      | Killed UnlimitedFusion's ghost
  2444 | D:4      | Reached skill level 7 in Earth Magic
  2444 | D:4      | Reached XP level 7. HP: 36/36 MP: 6/13
  2799 | D:4      | Reached skill level 8 in Earth Magic
  2856 | D:5      | Entered Level 5 of the Dungeon
  2908 | D:5      | Got a twitching lapis lazuli ring
  2924 | D:5      | Identified the cursed ring "Kurietukea" {rC+ EV-3} (You found it on level 5 of the Dungeon)
  3128 | D:5      | Reached * piety under Vehumet
  3128 | D:5      | Offered knowledge of Magic Dart by Vehumet.
  3136 | D:5      | Noticed Pikel
  3151 | D:5      | Killed Pikel
  3151 | D:5      | Reached skill level 5 in Spellcasting
  3151 | D:5      | Reached skill level 9 in Earth Magic
  3151 | D:5      | Reached XP level 8. HP: 41/41 MP: 7/16
  3254 | D:5      | Found Pasarhid's Antique Armour Shop.
  3268 | D:5      | Bought an embroidered cloak for 121 gold pieces
  3614 | D:5      | Learned a level 5 spell: Lee's Rapid Deconstruction
  3631 | D:6      | Found a shattered altar of Ashenzari.
  3769 | D:6      | Reached skill level 10 in Earth Magic
  4105 | D:6      | Reached skill level 1 in Armour
  4244 | D:6      | Noticed Menkaure
  4254 | D:6      | Killed Menkaure
  4254 | D:6      | Reached skill level 1 in Maces & Flails
  4254 | D:6      | Reached XP level 9. HP: 21/46 MP: 4/18
  4336 | D:6      | Found a glowing drain.
  4344 | Sewer    | Entered a sewer
  4350 | Sewer    | Reached skill level 1 in Fighting
  4595 | Sewer    | Found a white marble altar of Elyvilon.
  4884 | D:6      | Noticed Crazy Yiuf
  4888 | D:6      | Killed Crazy Yiuf
  5066 | D:6      | Gained mutation: You possess an exceptional clarity of mind. [mutagenic meat]
  5067 | D:6      | Gained mutation: You are robust (+10% HP). [mutagenic meat]
  5068 | D:6      | Lost mutation: You are robust (+10% HP). [mutagenic meat]
  5069 | D:6      | Gained mutation: You are resistant to hostile enchantments. [mutagenic meat]
  5315 | D:7      | Reached skill level 11 in Earth Magic
  5665 | D:7      | Offered knowledge of Flame Tongue by Vehumet.
  5668 | D:7      | Reached ** piety under Vehumet
  5672 | D:7      | Found a flagged portal.
  5708 | Bailey   | Entered a bailey
  5826 | Bailey   | Noticed an orc high priest
  5828 | Bailey   | Noticed a sun demon
  5836 | Bailey   | Killed an orc high priest
  5836 | Bailey   | Reached skill level 12 in Earth Magic
  5836 | Bailey   | Reached XP level 10. HP: 26/53 MP: 1/20
  5890 | Bailey   | HP: 2/53 [orc warrior/war axe (12)]
  5901 | Bailey   | Slain by an orc warrior

Skill      XL: |  1  2  3  4  5  6  7  8  9 |
---------------+----------------------------+-----
Earth Magic    | 4 5 6 7 9 10 12 | 12.2
Spellcasting   | 3 4 5 6 7 |  7.3
Dodging        | 2 3 |  3.8
Armour         | 1 4 |  4.3
Maces & Flails | 1 |  1.2
Fighting       | 1 |  1.9
Stealth        | |  2.2
Transmutations | |  0.8

Action                   |  1- 3 |  4- 6 |  7- 9 | 10-12 || total
-------------------------+-------+-------+-------+-------++-------
Melee: Unarmed           |     1 |    13 |       |       ||    14
       Whip              |       |       |   161 |    19 ||   180
 Cast: Sandblast         |    59 |    55 |   140 |     2 ||   256
       Passwall          |       |     1 |       |       ||     1
       Stone Arrow       |       |       |    31 |     3 ||    34
       Lee's Rapid Decon |       |       |    12 |       ||    12
  Use: Scroll            |     2 |       |     6 |       ||     8
       Potion            |       |     1 |     5 |     3 ||     9
 Stab: Sleeping          |       |       |     2 |       ||     2
  Eat: Chunk             |     2 |     3 |    23 |     4 ||    32
       Fruit             |       |       |     3 |       ||     3
Armor: Robe              |     6 |     8 |     5 |       ||    19
       Skin              |       |     8 |    10 |       ||    18
       Leather armour    |       |       |   137 |     7 ||   144
Dodge: Dodged            |    31 |    17 |   132 |     9 ||   189
